 Dungeon Crawl Stone Soup version 0.19.1-1-g22dce08 (console) character file.

65 Grinner the Sneak (level 4, -5/25 HPs)
             Began as a Kobold Artificer on Jan 20, 2017.
             Killed by divine providence
             ... invoked by an orc priest
              (14 damage)
             ... on level 3 of the Dungeon.
             The game lasted 00:08:45 (2083 turns).

Grinner the Sneak (Kobold Artificer)                Turns: 2083, Time: 00:08:47

Health: -5/25      AC:  3    Str:  6 (7)  XL:     4   Next: 35%
Magic:  6/6        EV: 19    Int: 16 (17) God:
Gold:   158        SH:  7    Dex: 19 (21) Spells: 0 memorised, 3 levels left

rFire  . . .     SeeInvis .     a - +0 short sword
rCold  . . .     Gourm    .     b - +0 leather armour
rNeg   . . .     Faith    .     k - +2 buckler
rPois  .         Spirit   .     (no helmet)
rElec  .         Reflect  .     (no cloak)
rCorr  .         Harm     .     (no gloves)
MR     .....                    (no boots)
Stlth  ++++......               (no amulet)
                                (no ring)
                                g - -2 ring of strength (curse)

@: brilliant, agile
A: carnivore 3
a: no special abilities


You were on level 3 of the Dungeon.
You were not hungry.

You visited 1 branch of the dungeon, and saw 3 of its levels.

You collected 158 gold pieces.

Inventory:

Hand Weapons
 a - a +0 short sword (weapon)
Armour
 b - a +0 leather armour (worn)
 k - a +2 buckler (worn)
Jewellery
 g - a cursed -2 ring of strength (left hand)
Wands
 c - a wand of flame (4/48)
 d - a wand of enslavement (12/24)
 e - a wand of random effects (15/48)
Scrolls
 h - 3 scrolls of identify {unknown}
 l - a scroll of teleportation {unknown}
Potions
 m - 2 potions of brilliance
 n - a potion of magic
Comestibles
 f - a meat ration


   Skills:
 - Level 1.1 Fighting
 * Level 2.9 Short Blades
 + Level 2.9 Dodging
 * Level 4.0 Stealth
 + Level 3.8 Evocations


You had 3 spell levels left.
You didn't know any spells.

Dungeon Overview and Level Annotations

Branches:
Dungeon (3/15)

Altars:
Xom


Innate Abilities, Weirdness & Mutations

You are small and have problems with some larger weapons.
You are carnivorous and can eat meat at any time.


Message History

The orc priest invokes the aid of Beogh against you.
Pain shoots through your body!
Evoke which item? (* to show all) (? for menu, Esc to quit)
Zapping:
c - a wand of flame (6/48)
Press: ? - help, Shift-Dir - straight line, f - orc priest
Aim: an orc priest, wearing a scale mail The puff of flame hits the orc priest.
The orc priest is lightly wounded.
This wand has 5 charges left.
The orc priest barely misses you.
Evoke which item? (* to show all) (? for menu, Esc to quit)
Zapping:
c - a wand of flame (5/48)
Press: ? - help, Shift-Dir - straight line, f/p - orc priest
Aim: an orc priest, wearing a scale mail (lightly wounded)
The puff of flame hits the orc priest.
The orc priest is moderately wounded.
This wand has 4 charges left.
The orc priest invokes the aid of Beogh against you.
Beogh smites you!
Ouch! That really hurt!
You die...

#. #.# #.######..# #.#
##.###.######..# ...
... ..........# # #..
#.###.#####...#
#.#..##.###.#####...#
....................#
##.#..#..###........##
......#...##.#####.##
#.....@o.##.# #.#
###.###).##.# #.# #
#.)##.# #.# #..##.#
#.# #..##.# .# #..##.#
#...... #.#


You could see an orc priest.

Vanquished Creatures
  An adder (D:2)
  An ooze (D:2)
  A worm (D:2)
  A dart slug (D:2)
  A leopard gecko (D:1)
  2 giant cockroaches (D:1)
  6 goblins
  4 hobgoblins
  6 jackals
  2 quokkas
  A ball python (D:1)
  5 bats
  A frilled lizard (D:1)
  3 kobolds
  4 rats
39 creatures vanquished.

Vanquished Creatures (collateral kills)
  2 orcs (D:3)
  A jackal (D:2)
3 creatures vanquished.

Grand Total: 42 creatures vanquished

Notes
Turn   | Place    | Note
-------+----------+-------------------------------------------
     0 | D:1      | Grinner the Kobold Artificer began the quest for the Orb.
     0 | D:1      | Reached XP level 1. HP: 12/12 MP: 3/3
   207 | D:1      | Found a shimmering altar of Xom.
   236 | D:1      | Reached skill level 2 in Stealth
   364 | D:1      | Reached XP level 2. HP: 16/16 MP: 4/4
   780 | D:1      | Reached skill level 3 in Stealth
   997 | D:1      | Reached XP level 3. HP: 15/20 MP: 5/5
  1418 | D:2      | Found a faded altar of an unknown god.
  1578 | D:2      | Reached XP level 4. HP: 25/25 MP: 6/6
  2072 | D:3      | Reached skill level 4 in Stealth
  2083 | D:3      | Killed from afar by an orc priest

Skill      XL: |  1  2  3  4 |
---------------+-------------+-----
Stealth        | 2 3 4 |  4.0
Short Blades   | 2 |  2.9
Fighting       | |  1.1
Dodging        | |  2.9
Evocations     | |  3.8

Action                   |  1- 3 |  4- 6 || total
-------------------------+-------+-------++-------
Melee: Short sword       |   102 |    40 ||   142
Evoke: Wand              |     6 |     8 ||    14
  Use: Potion            |       |     4 ||     4
 Stab: Sleeping          |     4 |     1 ||     5
  Eat: Chunk             |     5 |       ||     5
Armor: Leather armour    |    19 |    13 ||    32
Dodge: Dodged            |    68 |    39 ||   107
Block: Buckler           |    10 |    17 ||    27
